 Dungeon Crawl Stone Soup version 0.26-a0-753-g4680b4fa2e (webtiles) character file.

Game seed: 1284772353651812344

340 2tc the Stinger (level 6, -6/41 HPs)
             Began as a Demonspawn Venom Mage on Nov 7, 2020.
             Killed by divine providence
             ... invoked by an orc priest
              (12 damage)
             ... on level 4 of the Dungeon.
             The game lasted 00:15:00 (4804 turns).

2tc the Stinger (Demonspawn Venom Mage)             Turns: 4804, Time: 00:15:01

Health: -6/41      AC:  2    Str: 10    XL:     6   Next: 30%
Magic:  1/10       EV: 12    Int: 18    God:
Gold:   157        SH:  0    Dex: 14    Spells: 1/11 levels left

rFire    . . .     SeeInvis .   l - +0 whip
rCold    . . .     Faith    .   (no shield)
rNeg     . . .     Spirit   .   a - +0 robe
rPois    .         Reflect  .   (helmet restricted)
rElec    .         Harm     .   (no cloak)
rCorr    .         Rampage  .   (no gloves)
MR       .....                  (no boots)
Stlth    ++........             (no amulet)
HPRegen  2.13/turn              (no ring)
MPRegen  0.12/turn              (no ring)

@: very slightly contaminated
A: horns 2, powered by death 1, big brain 1
a: no special abilities


You were on level 4 of the Dungeon.
You visited 1 branch of the dungeon, and saw 4 of its levels.

You collected 157 gold pieces.

Inventory:

Hand Weapons
 c - a +1 hand axe of freezing
 l - a +0 whip (weapon)
Armour
 a - a +0 robe (worn)
 j - a +0 leather armour
Jewellery
 i - an uncursed ring of ice {unknown}
 k - a cursed amulet of inaccuracy {unknown}
Scrolls
 e - a scroll of teleportation
Potions
 b - a potion of attraction {unknown}
 d - a potion of flight {unknown}
 f - 2 potions of resistance {unknown}
 g - a potion of ambrosia {unknown}
 h - a potion of heal wounds {unknown}


   Skills:
 - Level 1.7 Dodging
 - Level 1.7 Stealth
 - Level 3.0 Spellcasting
 - Level 0.8 Transmutations
 + Level 0.9 Air Magic
 * Level 6.5 Poison Magic


You had one spell level left.
You knew the following spells:

 Your Spells              Type           Power        Failure   Level
a - Sting                 Tmut/Pois      ###.         3%          1
b - Poisonous Vapours     Pois/Air       ###...       5%          2
c - Olgreb's Toxic Radia  Pois           ####....     11%         4
d - Ignite Poison         Fire/Tmut/Pois ##......     19%         3

Your spell library contained the following spells:

 Spells                   Type           Power        Failure   Level
 Mephitic Cloud           Conj/Pois/Air  ##......     17%         3


Dungeon Overview and Level Annotations

Branches:
Dungeon (4/15)
 Temple: D:4-7

Altars:
Nemelex Xobeh
Trog
Xom

Annotations:
D:2 1 runed translucent door, Crazy Yiuf


Innate Abilities, Weirdness & Mutations

You have a pair of horns on your head.
You regenerate a little health from kills.
You have an unusually large brain. (Int +2)


Message History

The orc barely misses you.
The orc priest hits you with a +0 flail!
You hit the orc priest. Your headbutt misses the orc priest.
The orc priest is heavily wounded.
The orc hits you with a +0 falchion.
The orc priest hits you with a +0 flail.
You hit the orc priest.
The orc priest is almost dead.
The orc hits you with a +0 falchion.
The orc priest mumbles some strange prayers to Beogh against you.
Beogh smites you!
* * * LOW HITPOINT WARNING * * *
Okay, then.
You hit the orc priest but do no damage.
Your headbutt misses the orc priest.
The orc priest is almost dead.
The orc priest looks more healthy.
The orc closely misses you.
The orc priest mumbles some strange prayers to Beogh against you.
Beogh smites you!
You die...

S#.###..... S.
....... .<.......##.
. ...$...
##..#........
.#....... ##...#
#..#)## .[)...(..
###†..#
...[.##).......
....#..#
#.#..#..).....
.#####..#
#..#.).)...... .#
#.#####...oo.......
##
.#.......@........
##
.#.............###
.###
...........###..#
...#####.##########
... ......##.# #.
#####.##.### #
#......##########).#
#
#..†.#...)........#
#
####.)####........#


You could see an orc priest and an orc.

Vanquished Creatures
  A scorpion (D:4)
  An orc priest (D:4)
  3 worker ants (D:4)
  2 orc wizards (D:4)
  5 adders
  A worm (D:2)
  17 orcs
  A ball python (D:1)
  3 giant cockroaches
  4 goblins
  11 hobgoblins
  3 jackals (D:1)
  2 kobolds
  2 quokkas
  8 bats
  5 frilled lizards
  A quokka skeleton (D:4)
  2 rats (D:1)
72 creatures vanquished.

Vanquished Creatures (others)
  2 fungi (D:2)
  2 plants (D:1)
4 creatures vanquished.

Grand Total: 76 creatures vanquished

Notes
Turn   | Place    | Note
-------+----------+-------------------------------------------
     0 | D:1      | 2tc the Demonspawn Venom Mage began the quest for the Orb.
     0 | D:1      | Reached XP level 1. HP: 13/13 MP: 3/3
   591 | D:1      | Gained mutation: You have a pair of small horns on your
                  | head. [demonic ancestry]
   591 | D:1      | Reached XP level 2. HP: 17/19 MP: 1/5
  1126 | D:2      | Noticed a phantom
  1181 | D:2      | Learned a level 2 spell: Poisonous Vapours
  1351 | D:2      | Reached skill level 4 in Poison Magic
  1529 | D:2      | Found a shimmering altar of Xom.
  1599 | D:2      | Gained mutation: You have an unusually large brain. (Int
                  | +2) [demonic ancestry]
  1599 | D:2      | Reached XP level 3. HP: 12/24 MP: 1/6
  2643 | D:2      | Found a runed translucent door.
  2644 | D:2      | Noticed Crazy Yiuf
  3213 | D:3      | Reached skill level 5 in Poison Magic
  3213 | D:3      | Gained mutation: You regenerate a little health from kills.
                  | [demonic ancestry]
  3213 | D:3      | Reached XP level 4. HP: 22/30 MP: 2/7
  3378 | D:3      | Learned a level 4 spell: Olgreb's Toxic Radiance
  3548 | D:3      | Found a sparkling altar of Nemelex Xobeh.
  4153 | D:4      | Gained mutation: You have a pair of horns on your head.
                  | [demonic ancestry]
  4153 | D:4      | Reached XP level 5. HP: 24/35 MP: 1/8
  4458 | D:4      | Reached skill level 6 in Poison Magic
  4578 | D:4      | Learned a level 3 spell: Ignite Poison
  4649 | D:4      | Found a bloodstained altar of Trog.
  4655 | D:4      | Reached XP level 6. HP: 29/41 MP: 5/10
  4804 | D:4      | Killed from afar by an orc priest

Illustrated notes

Levels and vault maps discovered:
D:1:      denvon_arrival_planthouse, layout_loops_ring,
          kennysheep_decorative_pillar
D:2:      layout_loops_ring, old_standard_altar, kennysheep_generic_room_2,
          uniq_crazy_yiuf_cottage
D:3:      wad_pebble_path, layout_loops_corners, nemelex_spade_bored_becter
D:4:      layout_rooms, grunt_temple_overflow_open, roderic_filled_cross,
          minmay_crystal_water

Skill      XL: |  1  2  3  4  5 |
---------------+----------------+-----
Poison Magic   | 4 5 6 |  6.5
Spellcasting   | 3 |  3.0
Dodging        | |  1.7
Stealth        | |  1.7
Transmutations | |  0.8
Air Magic      | |  0.9

Action                   |  1- 3 |  4- 6 || total
-------------------------+-------+-------++-------
Melee: Hand axe          |    78 |    48 ||   126
       Headbutt          |     8 |     8 ||    16
       Whip              |       |    19 ||    19
 Cast: Sting             |    30 |    13 ||    43
       Poisonous Vapours |     8 |    13 ||    21
       Olgreb's Toxic Ra |       |     1 ||     1
  Use: Scroll            |     4 |       ||     4
 Stab: Sleeping          |     1 |     2 ||     3
Armor: Robe              |    25 |    16 ||    41
Dodge: Dodged            |    70 |    49 ||   119

Table legend: (Time is in decaauts)
 A = Elapsed time spent in this place.
 B = Non-inter-level travel time spent in this place.
 C = Inter-level travel time spent in this place.
 D = Time resting spent in this place.
 E = Time spent auto-exploring this place.
 F = Levels seen in this place.
 G = Mean time per level.
                   A        B        C        D        E       F      G
               +--------+--------+--------+--------+--------+-----+--------+
         Total |   4846 |   4655 |    191 |   2060 |   1902 |   4 | 1211.5 |
       Dungeon |   4846 |   4655 |    191 |   2060 |   1902 |   4 | 1211.5 |
               +--------+--------+--------+--------+--------+-----+--------+

Top non-repeatable levels by time:
     D:3: 1601 daAuts
     D:2: 1378 daAuts
     D:1: 1332 daAuts
     D:4: 533 daAuts
